Workbook

Sheet BDI
E1: MIN | F1: MED | G1: MAX | N1: ="Quadro de Composição do BDI "&MID(CELL("nome.arquivo",N1),5+FIND("BDI (",CELL("nome.arquivo",N1)),1) -> #VALUE!
A2: Construção e Reforma de Edifícios | B2: AC | C2: =CONCATENATE(A2,"-",B2) -> Construção e Reforma de Edifícios-AC | E2: 0.03 | F2: 0.04 | G2: 0.055
A3: =A2 -> Construção e Reforma de Edifícios | B3: SG | C3: =CONCATENATE(A3,"-",B3) -> Construção e Reforma de Edifícios-SG | E3: 0.008 | F3: 0.008 | G3: 0.01
A4: =A3 -> Construção e Reforma de Edifícios | B4: R | C4: =CONCATENATE(A4,"-",B4) -> Construção e Reforma de Edifícios-R | E4: 0.0097 | F4: 0.0127 | G4: 0.0127 | I4: Nº TC/CR | K4: PROPONENTE / TOMADOR
A5: =A4 -> Construção e Reforma de Edifícios | B5: DF | C5: =CONCATENATE(A5,"-",B5) -> Construção e Reforma de Edifícios-DF | E5: 0.0059 | F5: 0.0123 | G5: 0.0139 | I5: =[1]DADOS!A29 -> 0 | K5: =[1]DADOS!A32 -> 0
A6: =A5 -> Construção e Reforma de Edifícios | B6: L | C6: =CONCATENATE(A6,"-",B6) -> Construção e Reforma de Edifícios-L | E6: 0.0616 | F6: 0.074 | G6: 0.0896
A7: =A6 -> Construção e Reforma de Edifícios | B7: BDI PAD | C7: =CONCATENATE(A7,"-",B7) -> Construção e Reforma de Edifícios-BDI PAD | E7: 0.2034 | F7: 0.2212 | G7: 0.25 | I7: OBJETO
A8: Construção de Praças Urbanas, Rodovias, Ferrovias e recapeamento e pavimentação de vias urbanas | B8: AC | C8: =CONCATENATE(A8,"-",B8) -> Construção de Praças Urbanas, Rodovias, Ferrovias e recapeamento e pavimentação de vias urbanas-AC | E8: 0.038 | F8: 0.0401 | G8: 0.0467 | I8: =[1]DADOS!P29 -> 0
A9: Construção de Praças Urbanas, Rodovias, Ferrovias e recapeamento e pavimentação de vias urbanas | B9: SG | C9: =CONCATENATE(A9,"-",B9) -> Construção de Praças Urbanas, Rodovias, Ferrovias e recapeamento e pavimentação de vias urbanas-SG | E9: 0.0032 | F9: 0.004 | G9: 0.0074
A10: Construção de Praças Urbanas, Rodovias, Ferrovias e recapeamento e pavimentação de vias urbanas | B10: R | C10: =CONCATENATE(A10,"-",B10) -> Construção de Praças Urbanas, Rodovias, Ferrovias e recapeamento e pavimentação de vias urbanas-R | E10: 0.005 | F10: 0.0056 | G10: 0.0097 | I10: TIPO DE OBRA DO EMPREENDIMENTO | Q10: DESONERAÇÃO
A11: Construção de Praças Urbanas, Rodovias, Ferrovias e recapeamento e pavimentação de vias urbanas | B11: DF | C11: =CONCATENATE(A11,"-",B11) -> Construção de Praças Urbanas, Rodovias, Ferrovias e recapeamento e pavimentação de vias urbanas-DF | E11: 0.0102 | F11: 0.0111 | G11: 0.0121 | I11: Construção e Manutenção de Estações e Redes de Distribuição de Energia Elétrica | Q11: =[1]DADOS!$C$38 -> Não
A12: Construção de Praças Urbanas, Rodovias, Ferrovias e recapeamento e pavimentação de vias urbanas | B12: L | C12: =CONCATENATE(A12,"-",B12) -> Construção de Praças Urbanas, Rodovias, Ferrovias e recapeamento e pavimentação de vias urbanas-L | E12: 0.0664 | F12: 0.073 | G12: 0.0869
A13: Construção de Praças Urbanas, Rodovias, Ferrovias e recapeamento e pavimentação de vias urbanas | B13: BDI PAD | C13: =CONCATENATE(A13,"-",B13) -> Construção de Praças Urbanas, Rodovias, Ferrovias e recapeamento e pavimentação de vias urbanas-BDI PAD | E13: 0.196 | F13: 0.2097 | G13: 0.2423 | I13: Conforme legislação tributária municipal, definir estimativa de percentual da base de cálculo para o ISS: | Q13: 1
A14: Construção de Redes de Abastecimento de Água, Coleta de Esgoto | B14: AC | C14: =CONCATENATE(A14,"-",B14) -> Construção de Redes de Abastecimento de Água, Coleta de Esgoto-AC | E14: 0.0343 | F14: 0.0493 | G14: 0.0671 | I14: Sobre a base de cálculo, definir a respectiva alíquota do ISS (entre 2% e 5%): | Q14: 0.02
A15: =A14 -> Construção de Redes de Abastecimento de Água, Coleta de Esgoto | B15: SG | C15: =CONCATENATE(A15,"-",B15) -> Construção de Redes de Abastecimento de Água, Coleta de Esgoto-SG | E15: 0.0028 | F15: 0.0049 | G15: 0.0075
I16: Itens | M16: Siglas | N16: % Adotado | O16: Situação | P16: 1º Quartil | Q16: Médio | R16: 3º Quartil
A17: =A15 -> Construção de Redes de Abastecimento de Água, Coleta de Esgoto | B17: R | C17: =CONCATENATE(A17,"-",B17) -> Construção de Redes de Abastecimento de Água, Coleta de Esgoto-R | E17: 0.01 | F17: 0.0139 | G17: 0.0174
A18: =A17 -> Construção de Redes de Abastecimento de Água, Coleta de Esgoto | B18: DF | C18: =CONCATENATE(A18,"-",B18) -> Construção de Redes de Abastecimento de Água, Coleta de Esgoto-DF | E18: 0.0094 | F18: 0.0099 | G18: 0.0117 | I18: =IF($I$11=$A$59,"Encargos Sociais incidentes sobre a mão de obra","Administração Central") -> Administração Central | M18: =IF($I$11=$A$59,"K1","AC") -> AC | N18: 0.0592 | O18: - | P18: =VLOOKUP(CONCATENATE(I$11,"-",M18),$C$2:$G$49,3,FALSE) -> 0.0529 | Q18: =VLOOKUP(CONCATENATE(I$11,"-",M18),$C$2:$G$49,4,FALSE) -> 0.0592 | R18: =VLOOKUP(CONCATENATE(I$11,"-",M18),$C$2:$G$49,5,FALSE) -> 0.0793
A19: =A18 -> Construção de Redes de Abastecimento de Água, Coleta de Esgoto | B19: L | C19: =CONCATENATE(A19,"-",B19) -> Construção de Redes de Abastecimento de Água, Coleta de Esgoto-L | E19: 0.0674 | F19: 0.0804 | G19: 0.094 | I19: =IF($I$11=$A$59,"Administração Central da empresa ou consultoria - overhead","Seguro e Garantia") -> Seguro e Garantia | M19: =IF($I$11=$A$59,"K2","SG") -> SG | N19: 0.0051 | O19: - | P19: =VLOOKUP(CONCATENATE(I$11,"-",M19),$C$2:$G$49,3,FALSE) -> 0.0025 | Q19: =VLOOKUP(CONCATENATE(I$11,"-",M19),$C$2:$G$49,4,FALSE) -> 0.0051 | R19: =VLOOKUP(CONCATENATE(I$11,"-",M19),$C$2:$G$49,5,FALSE) -> 0.0056
A20: =A19 -> Construção de Redes de Abastecimento de Água, Coleta de Esgoto | B20: BDI PAD | C20: =CONCATENATE(A20,"-",B20) -> Construção de Redes de Abastecimento de Água, Coleta de Esgoto-BDI PAD | E20: 0.2076 | F20: 0.2418 | G20: 0.2644 | I20: =IF($I$11=$A$59,"","Risco") -> Risco | M20: =IF($I$11=$A$59,"","R") -> R | N20: 0.0148 | O20: - | P20: =VLOOKUP(CONCATENATE(I$11,"-",M20),$C$2:$G$49,3,FALSE) -> 0.01 | Q20: =VLOOKUP(CONCATENATE(I$11,"-",M20),$C$2:$G$49,4,FALSE) -> 0.0148 | R20: =VLOOKUP(CONCATENATE(I$11,"-",M20),$C$2:$G$49,5,FALSE) -> 0.0197
A21: Construção e Manutenção de Estações e Redes de Distribuição de Energia Elétrica | B21: AC | C21: =CONCATENATE(A21,"-",B21) -> Construção e Manutenção de Estações e Redes de Distribuição de Energia Elétrica-AC | E21: 0.0529 | F21: 0.0592 | G21: 0.0793 | I21: =IF($I$11=$A$59,"","Despesas Financeiras") -> Despesas Financeiras | M21: =IF($I$11=$A$59,"","DF") -> DF | N21: 0.0107 | O21: - | P21: =VLOOKUP(CONCATENATE(I$11,"-",M21),$C$2:$G$49,3,FALSE) -> 0.0101 | Q21: =VLOOKUP(CONCATENATE(I$11,"-",M21),$C$2:$G$49,4,FALSE) -> 0.0107 | R21: =VLOOKUP(CONCATENATE(I$11,"-",M21),$C$2:$G$49,5,FALSE) -> 0.0111
A22: =A21 -> Construção e Manutenção de Estações e Redes de Distribuição de Energia Elétrica | B22: SG | C22: =CONCATENATE(A22,"-",B22) -> Construção e Manutenção de Estações e Redes de Distribuição de Energia Elétrica-SG | E22: 0.0025 | F22: 0.0051 | G22: 0.0056 | I22: =IF($I$11=$A$59,"Margem bruta da empresa de consultoria","Lucro") -> Lucro | M22: =IF($I$11=$A$59,"K3","L") -> L | N22: 0.0831 | O22: - | P22: =VLOOKUP(CONCATENATE(I$11,"-",M22),$C$2:$G$49,3,FALSE) -> 0.08 | Q22: =VLOOKUP(CONCATENATE(I$11,"-",M22),$C$2:$G$49,4,FALSE) -> 0.0831 | R22: =VLOOKUP(CONCATENATE(I$11,"-",M22),$C$2:$G$49,5,FALSE) -> 0.0951
A23: =A22 -> Construção e Manutenção de Estações e Redes de Distribuição de Energia Elétrica | B23: R | C23: =CONCATENATE(A23,"-",B23) -> Construção e Manutenção de Estações e Redes de Distribuição de Energia Elétrica-R | E23: 0.01 | F23: 0.0148 | G23: 0.0197 | I23: Tributos (impostos COFINS 3%, e PIS 0,65%) | M23: CP | N23: 0.0365 | O23: - | P23: 0.0365 | Q23: 0.0365 | R23: 0.0365
A24: =A23 -> Construção e Manutenção de Estações e Redes de Distribuição de Energia Elétrica | B24: DF | C24: =CONCATENATE(A24,"-",B24) -> Construção e Manutenção de Estações e Redes de Distribuição de Energia Elétrica-DF | E24: 0.0101 | F24: 0.0107 | G24: 0.0111 | I24: Tributos (ISS, variável de acordo com o município) | M24: ISS | N24: =IF($I$11<>$A$58,Q14*Q13,0) -> 0.02 | O24: - | P24: 0 | Q24: 0.025 | R24: 0.05
A25: =A24 -> Construção e Manutenção de Estações e Redes de Distribuição de Energia Elétrica | B25: L | C25: =CONCATENATE(A25,"-",B25) -> Construção e Manutenção de Estações e Redes de Distribuição de Energia Elétrica-L | E25: 0.08 | F25: 0.0831 | G25: 0.0951 | I25: Tributos (Contribuição Previdenciária sobre a Receita Bruta - 0% ou 4,5% - Desoneração) | M25: CPRB | N25: =IF(AND($I$11<>$A$58,Q11="Sim"),4.5%,0%) -> 0 | O25: =IF(AND(N25>=P25, N25<=R25), "OK", "Não OK") -> OK | P25: 0 | Q25: 0.045 | R25: 0.045
A26: =A25 -> Construção e Manutenção de Estações e Redes de Distribuição de Energia Elétrica | B26: BDI PAD | C26: =CONCATENATE(A26,"-",B26) -> Construção e Manutenção de Estações e Redes de Distribuição de Energia Elétrica-BDI PAD | E26: 0.24 | F26: 0.2584 | G26: 0.2786 | I26: BDI SEM desoneração (Fórmula Acórdão TCU) | M26: BDI PAD | N26: =IF($I$11=$A$58,0,ROUND((((1+N18+N19+N20)*(1+N21)*(1+N22)/(1-(N23+N24)))-1),4)) -> 0.252 | O26: =IF(OR($I$11=$A$59,$I$11=$A$58,AND(N26>=P26, N26<=R26)), "OK", "FORA DO INTERVALO") -> OK | P26: =IF($I$11=$A$58,0,VLOOKUP(CONCATENATE($I$11,"-",$M26),$C$2:$G$49,3,FALSE)) -> 0.24 | Q26: =IF($I$11=$A$58,0,VLOOKUP(CONCATENATE($I$11,"-",$M26),$C$2:$G$49,4,FALSE)) -> 0.2584 | R26: =IF($I$11=$A$58,0,VLOOKUP(CONCATENATE($I$11,"-",$M26),$C$2:$G$49,5,FALSE)) -> 0.2786

Sheet Planilha Orçamentária
A5: PLANILHA ORÇAMENTÁRIA
A6: OBRA: | D6: Implantação de Iluminação de LED
A7: DATA BASE: | D7: LISTAGEM DE PREÇOS CDHU 193 SEM DESONERAÇÃO/ SINPAPI ABRIL/2024 Sem desoneração
A8: LEIS SOCIAIS - BDI % | D8: BDI = 24,00% | J8: 1.24
A10: ITEM | B10: FONTE | C10: CODIGO | D10: DESCRIÇÃO DOS SERVIÇOS | E10: UNID. | F10: QUANT. | G10: VALOR UNIT S/ BDI | H10: VALOR UNIT. C/ BDI | I10: VALOR TOTAL C/ BDI
A11: 1 | D11: SERVIÇOS PRELIMINARES
A12: 1.1 | B12: CDHU 193 -sd | C12: 02.08.020 | D12: Placa de identificação para obra | E12: M2 | F12: =(3+1)*1.5 -> 6 | G12: 891.72 | H12: =ROUND(G12*$J$8,2) -> 1105.73 | I12: =H12*F12 -> 6634.38
A13: 1.2 | B13: CDHU 193 -sd | C13: 04.21.130 | D13: Remoção de poste de concreto | E13: UNID. | F13: 18 | G13: 275.82 | H13: =ROUND(G13*$J$8,2) -> 342.02 | I13: =H13*F13 -> 6156.36
A15: Sub.Total | I15: =SUM(I12:I13) -> 12790.74
A16: 2 | D16: ILUMINAÇÃO PUBLICA
A17: 2.1 | B17: Composição | C17: ='Composiçao 001'!A3 -> C-01 | D17: ='Composiçao 001'!B3 -> ASSENTAMENTO DE POSTE DE CONCRETO COM COMPRIMENTO NOMINAL DE 9 M, CARGA NOMINAL MENOR OU IGUAL A 1000 DAN, ENGASTAMENTO SIMPLES COM 1,5 M DE SOLO (Ref. SINAPI 100578) | E17: UNID. | F17: 2 | G17: ='Composiçao 001'!F14 -> 1095.51 | H17: =ROUND(G17*$J$8,2) -> 1358.43 | I17: =H17*F17 -> 2716.86
A18: 2.2 | B18: SINAPI | C18: 101501 | D18: ENTRADA DE ENERGIA ELÉTRICA, AÉREA, BIFÁSICA, COM CAIXA DE EMBUTIR, CABO DE 10 MM2 E DISJUNTOR DIN 50A (NÃO INCLUSO O POSTE DE CONCRETO). AF _07/2020_PS | E18: UNID. | F18: 2 | G18: 1710.79 | H18: =ROUND(G18*$J$8,2) -> 2121.38 | I18: =H18*F18 -> 4242.76
A19: 2.3 | B19: CDHU 193 -sd | C19: 06.02.020 | D19: Escavação manual em solo de 1ª e 2ª categoria em vala ou cava até 1,5 | E19: M3 | F19: =Quantitativo!E15*0.3*0.3 -> 171.747 | G19: 61.08 | H19: =ROUND(G19*$J$8,2) -> 75.74 | I19: =H19*F19 -> 13008.118
A20: 2.4 | B20: CDHU 193 -sd | C20: 06.11.020 | D20: Reaterro manual para simples regularização sem compactação | E20: M3 | F20: =F19 -> 171.747 | G20: 8.75 | H20: =ROUND(G20*$J$8,2) -> 10.85 | I20: =H20*F20 -> 1863.4549
A21: 2.5 | B21: CDHU 193 -sd | C21: 38.13.020 | D21: Eletroduto corrugado em polietileno de alta densidade, DN= 50 mm, com acessórios | E21: m | F21: =Quantitativo!E15+4*F27 -> 2288.3 | G21: 10.43 | H21: =ROUND(G21*$J$8,2) -> 12.93 | I21: =H21*F21 -> 29587.719
A22: 2.6 | B22: CDHU 193 -sd | C22: 39.29.112 | D22: Cabo de cobre flexível de 4,0 mm², isolamento 750 V ‐ isolação LSHF/A 70°C ‐ baixa emissão de fumaça e gases | E22: m | F22: =F21*2 -> 4576.6 | G22: 6 | H22: =ROUND(G22*$J$8,2) -> 7.44 | I22: =H22*F22 -> 34049.904
A23: 2.7 | B23: CDHU 193 -sd | C23: 42.05.320 | D23: Caixa de inspeção do terra cilíndrica em PVC rígido, diâmetro de 300 mm ‐ h= 400 mm | E23: UNID. | F23: =Quantitativo!F15+Quantitativo!D15 -> 98 | G23: 37.06 | H23: =ROUND(G23*$J$8,2) -> 45.95 | I23: =H23*F23 -> 4503.1
A24: 2.8 | B24: CDHU 193 -sd | C24: 42.05.200 | D24: Haste de aterramento de 5/8" x 2,4 m | E24: UNID. | F24: =Quantitativo!D15 -> 95 | G24: 200.42 | H24: =ROUND(G24*$J$8,2) -> 248.52 | I24: =H24*F24 -> 23609.4
A25: 2.9 | B25: CDHU 193 -sd | C25: 42.05.160 | D25: Conector olhal cabo/haste de 5/8´ | E25: UNID. | F25: =Quantitativo!D15 -> 95 | G25: 9.21 | H25: =ROUND(G25*$J$8,2) -> 11.42 | I25: =H25*F25 -> 1084.9
A26: 2.10 | B26: CDHU 193 -sd | C26: 39.04.040 | D26: Cabo de cobre nu, têmpera mole, classe 2, de 10 mm² | E26: M | F26: =1.4*F25 -> 133 | G26: 10.49 | H26: =ROUND(G26*$J$8,2) -> 13.01 | I26: =H26*F26 -> 1730.33
A27: 2.11 | B27: CDHU 193 -sd | C27: 41.10.500 | D27: Poste telecônico reto em aço SAE 1010/1020 galvanizado a fogo, altura de 4,00 m | E27: UNID. | F27: =Quantitativo!D15 -> 95 | G27: 1149.73 | H27: =ROUND(G27*$J$8,2) -> 1425.67 | I27: =H27*F27 -> 135438.65
A28: 2.12 | B28: CDHU 193 -sd | C28: 41.11.721 | D28: Luminária pública LED retangular para poste, fluxo luminoso de 6250 a 6674 lm, eficiência mínima 113 lm/W ‐ potência 40 W/59 W | E28: UNID. | F28: =Quantitativo!C15*2+Quantitativo!B15 -> 130 | G28: 534.82 | H28: =ROUND(G28*$J$8,2) -> 663.18 | I28: =H28*F28 -> 86213.4
A29: Sub.Total | I29: =SUM(I17:I28) -> 338048.6
A30: TOTAL | I30: =I29+I15 -> 350839.34
C33: Cerquilho , 11 de junho de 2024.
H37: Fernanda Miguel Grando Bufo
H38: Engenheira Civil
H39: Crea: 5063870350
H40: Prefeitura Municipal de Cerquilho

Sheet Quantitativo
B1: Lum. Simples | C1: Lum. Dupla | D1: Poste metálico | E1: Eletroduto (m) | F1: cx passagem | G1: Endereço | H1: cep
A2: Trecho B | B2: 10 | C2: 0 | D2: =B2+C2 -> 10 | E2: =9*20+6.2 -> 186.2 | G2: Rua Antônio Sílvio Cunha Bueno, 1 a 570 - centro e 572 a 1326 - pq das arvores | H2: 18520049, 18523212
A3: Trecho C | B3: 4 | C3: 9 | D3: =B3+C3 -> 13 | E3: =(20-6.2)+3*20+21.4+20+19.9+20*2+19.9+14.9+5+20.1+19.9+7.6 -> 262.5
A4: Trecho D | B4: 0 | C4: 8 | D4: =B4+C4 -> 8 | E4: =(20-7.6)+19.8+20+20.3+19.7+19.8+20*2+7.4 -> 159.4
A5: Trecho E | B5: 9 | C5: 6 | D5: =B5+C5 -> 15 | E5: =(19.9-7.4)+20*4+19.3+17+17.2+14.1+25.6+18+33.4+4.6 -> 241.7
A6: Trecho F | B6: 11 | C6: 0 | D6: =B6+C6 -> 11 | E6: =(20.2-4.6)+17.8+28.4+19.6+21.7+19.5+22.4+9.9+7.5+20.5+18.7+16.3+17.3+3.9 -> 239.1
A7: Trecho G | B7: 11 | C7: 2 | D7: =B7+C7 -> 13 | E7: =(19.9+3.9)+23+22.9+22.9+22.8+22.9+16.9+19.7+16.3+18.5+17.5+17.8 -> 245
A8: Trecho H | B8: 0 | C8: 0 | D8: =B8+C8 -> 0 | G8: Av Washington Luis
A9: Trecho I | B9: 0 | C9: 0 | D9: =B9+C9 -> 0 | G9: Av Ver. Arnaldo Rodrigues
A10: Trecho J | B10: 0 | C10: 0 | D10: =B10+C10 -> 0
A11: Trecho K | B11: 0 | C11: 0 | D11: 0 | G11: Av Flamboyant
A12: Trecho L | B12: 0 | C12: 0 | D12: =B12+C12 -> 0 | G12: Estrada Municipal Francisco Bellucci
A13: Trecho M | B13: 13 | C13: 1 | D13: =B13+C13 -> 14 | E13: =20*7+14.7+5.6+20*3+18.5+20+(19.6-3.5) -> 274.9 | G13: Estrada Municipal Francisco Bellucci | H13: 18520000
A14: Trecho N | B14: 2 | C14: =1+8 -> 9 | D14: =B14+C14 -> 11 | E14: =3.5+14.1+19.3+30*3+24.8+18.2+9.5+28.9+26.6+24.4+19.2+21 -> 299.5 | F14: 1 | G14: Av Corradi II | H14: 18520000 e 18523280
A15: Totais | B15: =SUM(B2:B14) -> 60 | C15: =SUM(C2:C14) -> 35 | D15: =SUM(D2:D14) -> 95 | E15: =SUM(E2:E14) -> 1908.3 | F15: 3
C19: =C15*2 -> 70

Sheet Cronograma
A2: PLANILHA ORÇAMENTÁRIA - DEMANDA 074833
A3: SECRETARIA DE OBRAS
A5: Obra: | C5: Implantação de Iluminação de LED | I5: BDI Adotato
A6: Rua: | C6: Av. Corradi Segundo, Est. Francisco Bellucci e Rua Antônio S. C. Bueno | I6: 0.24
A7: Bairro: | C7: Res. Cattai/ Cittá Bellucci, Parque das Árvores e Centro
A9: CRONOGRAMA FÍSICO FINANCEIRO
A10: ITEM | B10: DISCRIMINAÇÃO | C10: MÊS | I10: Total (em R$)
B11: DE ATIVIDADES | C11: 1 | D11: 2 | E11: 3 | F11: 4 | G11: 5 | H11: 6
A12: 1 | B12: SERVIÇOS PRELIMINARES | C12: =I12 -> 12790.74 | I12: ='Planilha Orçamentária'!I15 -> 12790.74
A14: 2 | B14: ILUMINAÇÃO PÚBLICA | C14: 65000 | D14: 78000 | E14: 78000 | F14: =I14-C14-D14-E14 -> 117048.6 | I14: ='Planilha Orçamentária'!I29 -> 338048.6
A16: TOTAIS | C16: =SUM(C12:C15) -> 77790.74 | D16: =SUM(D12:D15) -> 78000 | E16: =SUM(E12:E15) -> 78000 | F16: =SUM(F12:F15) -> 117048.6 | G16: =SUM(G12:G15) -> 0 | H16: =SUM(H12:H15) -> 0 | I16: =SUM(C16:H16) -> 350839.34
B19: Referência de Preços: | C19: CDHU 193 s/ desoneração e SINAPI ABRIl/2024 s/ desoneração
C22: Cerquilho , 25 de junho de 2024.
H26: Fernanda Miguel Grando Bufo
H27: Engenheira Civil
H28: Crea: 5063870350
H29: Prefeitura Municipal de Cerquilho

Sheet Composiçao 001
A1: COMPOSIÇÕES
A3: C-01 | B3: ASSENTAMENTO DE POSTE DE CONCRETO COM COMPRIMENTO NOMINAL DE 9 M, CARGA NOMINAL MENOR OU IGUAL A 1000 DAN, ENGASTAMENTO SIMPLES COM 1,5 M DE SOLO (Ref. SINAPI 100578) | C3: Unid. | D3: Coef. Consumo | E3: Preço Unitário | F3: Preço item
A4: 863 | B4: CABO DE COBRE NU 35MM² MEIO-DURO | C4: M | D4: 9 | E4: 29.13 | F4: =D4*E4 -> 262.17
A5: 5928 | B5: GUINDAUTO HIDRÁULICO, CAPACIDADE MÁXIMA DE CARGA 6200 KG, MOMENTO MÁXIMO DE CARGA 11,7 TM, ALCANCE MÁXIMO HORIZONTAL 9,70 M, INCLUSIVE CAMINHÃO TOCO PBT 16.000 KG, POTÊNCIA DE 189 CV - CHP DIURNO. AF_06/2014 | C5: CHP | D5: 0.077 | E5: 280.2 | F5: 21.57
A6: 88247 | B6: AUXILIAR DE ELETRICISTA COM ENCARGOS COMPLEMENTARES | C6: H | D6: 1.233 | E6: 30.93 | F6: 38.13
A7: 88264 | B7: ELETRICISTA COM ENCARGOS COMPLEMENTARES | C7: H | D7: 4.008 | E7: 40.66 | F7: =D7*E7 -> 162.96528
A8: 41196 | B8: POSTE DE CONCRETO ARMADO DE SECAO DUPLO T, EXTENSAO DE 9,00 M, RESISTENCIA DE 150 DAN, TIPO D | C8: UNID. | D8: 1 | E8: 610.65 | F8: =D8*E8 -> 610.65
E10: Valores:
E11: Equipamento | F11: 6.66
B12: Refrência: SINAPI ABRIL/2024- s/ desoneração | E12: Mão de obra: | F12: 159.22
E13: Material: | F13: =318.98+F8 -> 929.63
E14: TOTAL: | F14: =F13+F12+F11 -> 1095.51
D17: Cerquilho , 11 de junho de 2024.
E21: Fernanda Miguel Grando Bufo
E22: Engenheira Civil
E23: Crea: 5063870350
E24: Prefeitura Municipal de Cerquilho
